AoeStats
← 雫畑躾

Arabia

510327446Analyzed
1v1 RM · 16h ago on Sep 30, 2026· 42m 55s· 2 players
Game mode
Random Map
Map size
Tiny (2 player)
Population
200
Speed
Normal
Resources
Standard
Victory
Conquest
Starting age
Dark Age
Ending age
Imperial Age
RankedLock teamsTeams togetherTeam positionsShared explorationLock speedFull tech treeHidden civsTurbo modeCheats
Victory
Defeat
🇻🇳 Berbers · Vietnam
1218
+16
🇹🇼 Byzantines · Taiwan
1223
-16
MemeManVai
5:55 Loom
9:17 Feudal Age
10:08 Double-Bit Axe
20:00 Castle Age
18:40 Forging
19:24 Scale Barding Armor
19:40 Bloodlines
19:35 Horse Collar
19:58 Gold Mining
21:56 Gold Shaft Mining
23:21 Iron Casting
23:08 Chain Barding Armor
23:55 Wheelbarrow
24:13 Iron Casting
23:59 Husbandry
28:30 Bow Saw
28:42 Heavy Plow
31:34 Hand Cart
36:46 Imperial Age
34:03 Town Watch
35:01 Town Patrol
35:18 Stone Mining
35:08 Light Cavalry
35:43 Fletching
35:53 Padded Archer Armor
38:40 Plate Barding Armor
39:22 Blast Furnace
38:33 Capped Ram
38:43 Cavalier
41:12 Conscription
42:35 Crop Rotation
雫畑躾
5:02 Loom
9:20 Feudal Age
9:52 Double-Bit Axe
14:50 Horse Collar
20:16 Castle Age
18:18 Fletching
21:18 Bow Saw
20:54 Crossbowman
21:37 Bodkin Arrow
25:16 Wheelbarrow
26:09 Gold Mining
28:08 Wheelbarrow
29:05 Padded Archer Armor
31:55 Imperial Age
30:46 Leather Archer Armor
32:35 Thumb Ring
32:44 Scale Barding Armor
33:48 Arbalester
33:56 Arbalester
34:49 Bracer
35:03 Scale Barding Armor
36:25 Ballistics
39:19 Pikeman
40:48 Gold Shaft Mining
Connection lost

Rejoining the realm…

Still unreachable

The connection could not be restored.

Session expired

The server has moved on; the page needs a fresh start.